 Dungeon Crawl Stone Soup version 0.17-a0-1719-g1afd5a1 (webtiles) character file.

132 kosy22 the Skirmisher (level 5, -3/47 HPs)
             Began as a Hill Orc Chaos Knight on Aug 27, 2015.
             Slain by Menkaure (22 damage)
             ... on level 4 of the Dungeon.
             The game lasted 00:09:19 (2215 turns).

kosy22 the Skirmisher (Hill Orc Chaos Knight)       Turns: 2215, Time: 00:09:19

Health: -3/47      AC:  6    Str: 16    XL:     5   Next: 15%
Magic:  5/5        EV: 11    Int: 12    God:    Xom [..*...]
Gold:   100        SH:  0    Dex: 10    Spells: 0 memorised, 4 levels left

rFire  + . .     SeeInvis .     a - +0 falchion (chaos)
rCold  x . .     Clarity  .     b - +3 leather armour
rNeg   . . .     SustAt   .     (no shield)
rPois  .         Gourm    .     (no helmet)
rElec  .         Spirit   .     (no cloak)
rCorr  .         Warding  .     (no gloves)
rMut   .         Stasis   .     (no boots)
MR     .....                    (no amulet)
Stlth  +.........               (no ring)
                                e - ring of fire

@: not resistant to hostile enchantments, very unstealthy
A: no striking features
a: Renounce Religion


You were on level 4 of the Dungeon.
You worshipped Xom.
You were a toy of Xom.
You were not hungry.

You visited 1 branch of the dungeon, and saw 5 of its levels.

You collected 100 gold pieces.

Inventory:

Hand weapons
 a - a +0 falchion of chaos (weapon)
 c - a +0 spear
 f - a +0 mace
Armour
 b - a +3 leather armour (worn)
 d - a +0 robe
Jewellery
 e - a ring of fire (left hand)


   Skills:
 + Level 4.5 Fighting
 + Level 4.3 Long Blades
 + Level 3.1 Armour
 + Level 1.8 Dodging
 + Level 0.8 Stealth


You had 4 spell levels left.
You didn't know any spells.

Dungeon Overview and Level Annotations

Branches:
Dungeon (5/15)
 Temple: D:4-7

Altars:

Annotations:
D:4 Menkaure


Message History

Xom grants you insight.
You detect items!
You are now a toy of Xom.
There is a stone staircase leading down here.
Menkaure barely misses you.
You hit Menkaure but do no damage.
Menkaure mumbles some strange words.
Menkaure seems to speed up.
You barely miss Menkaure. Menkaure barely misses you.
You barely miss Menkaure. Menkaure hits you but does no damage.
Menkaure misses you.
You slash Menkaure!
The floor and the ceiling briefly switch places.
Menkaure is moderately damaged.
Menkaure hits you.
You hit Menkaure.
Menkaure flickers and vanishes!
Xom thinks this is hilarious!
Something hits you but does no damage.
You closely miss something. Something hits you!!
You die...

#.# ###
#.######.########
#.#
#...............'
#.######
##........########
#.##...
#.........'.# #
#.##.######
#.........#.######
#.........#
#.........#.#.....
####†####.#
#.........# #.####
#######.####.#
#..######## ####
.............#
#@{# #...
######.#######
#>.# #.##
#......... #..#
#..#########..#
#..#$.§..§§...#
#..#§#######.##
#####..#§# .....
.......#§# #.##.##
######.#§# #. ..


There were no monsters in sight!

Vanquished Creatures
  A hound (D:4)
  An iguana (D:4)
  An orc wizard (D:4)
  A gnoll (D:4)
  2 adders
  3 orcs
  A bat (D:1)
  A giant cockroach (D:4)
  A hobgoblin (D:2)
  2 jackals (D:4)
  2 kobolds (D:1)
  2 quokkas
  A ball python (D:4)
  A giant gecko (D:4)
  2 goblins
  A quokka skeleton (D:4)
  6 rats (D:1)
29 creatures vanquished.

Notes
Turn   | Place    | Note
--------------------------------------------------------------
     0 | D:1      | kosy22 the Hill Orc Chaos Knight began the quest for the Orb.
     0 | D:1      | Reached XP level 1. HP: 19/19 MP: 1/1
   191 | D:1      | Reached XP level 2. HP: 25/27 MP: 2/2
   577 | D:3      | XOM: divination: detect creatures
   626 | D:4      | XOM: noise
   643 | D:4      | XOM: silly message
   686 | D:4      | XOM: potion effect (berserk rage)
   708 | D:4      | Reached skill level 4 in Fighting
   708 | D:4      | Reached skill level 1 in Dodging
   708 | D:4      | Reached XP level 3. HP: 33/33 MP: 3/3
   717 | D:4      | XOM: potion effect (agility)
   931 | D:4      | Reached XP level 4. HP: 37/40 MP: 4/4
  1048 | D:5      | Entered Level 5 of the Dungeon
  1048 | D:5      | Noticed Menkaure
  1066 | D:4      | XOM: potion effect (brilliance)
  1292 | D:4      | XOM: god gift: spear {god gift}
  1434 | D:4      | XOM: colour smoke trail
  1541 | D:5      | XOM: blink monster(s)
  1659 | D:4      | XOM: mild Fire miscast
  1762 | D:5      | XOM: summons friendly crimson imp
  1773 | D:4      | Reached XP level 5. HP: 14/47 MP: 5/5
  2123 | D:4      | XOM: scenery: 2 doors close
  2207 | D:5      | XOM: summons friendly shadow imp
  2208 | D:4      | XOM: divination: detect items
  2215 | D:4      | Slain by Menkaure

Vault maps used:
D:1:      dpeg_arrival_tiny_e, hex_medium, st_stairs_1, minmay_misc_feat_rows,
          minmay_rat_gold_closets
D:2:      ashenzari_altar_1
D:3:      lemuel_coloured_pillars_altar, kennysheep_nondescript
D:4:      grunt_temple_overflow_lords_of_destruction, grunt_temple_overflow_open
D:5:      kennysheep_little_box, first_bread, uniq_menkaure

Action                   |  1- 3 |  4- 6 || total
-------------------------+-------+-------++-------
Melee: Falchion          |    50 |    44 ||    94
  Use: Scroll            |     4 |     2 ||     6
 Stab: Confused          |     1 |       ||     1
       Petrifying        |     1 |       ||     1
       Petrified         |     1 |       ||     1
  Eat: Bread ration      |     1 |       ||     1
